 Dungeon Crawl Stone Soup version 0.30-a0-1164-ge08a67761e (webtiles) character file.

Game seed: 10220567687556204882

267 backslashecho the Trooper (level 6, -4/48 HPs)
             Began as a Mummy Fighter on Apr 29, 2023.
             Slain by a cerulean imp
             ... wielding a +2 spear
             ... summoned by Natasha
              (6 damage)
             ... on level 3 of the Dungeon.
             The game lasted 00:03:30 (2187 turns).

backslashecho the Trooper (Mummy Fighter)           Turns: 2187, Time: 00:03:30

Health: -4/48      AC:  7    Str: 22    XL:     6   Next: 0%
Magic:  6/6        EV:  9    Int:  7    God:
Gold:   171        SH:  4    Dex: 11    Spells: 5/5 levels left

rFire   x . .        a - +0 war axe
rCold   + . .        c - +0 buckler
rNeg    + + +        b - +0 scale mail
rPois   ∞            (no helmet)
rElec   .            (no cloak)
rCorr   .            (no gloves)
SInv    .            k - +0 pair of boots
Will    .....        (no amulet) Stlth
                     (no ring)
HPRegen 0.28/turn    (no ring)
MPRegen 0.10/turn

%: faith
@: no status effects
A: cold resistance 1, negative energy resistance 3, torment resistance 2, heat
vulnerability 1, in touch with death 1, no potions, faith
a: no special abilities


You were on level 3 of the Dungeon.
You visited 1 branch of the dungeon, and saw 3 of its levels.

You collected 171 gold pieces.

Inventory:

Hand Weapons
 a - a +0 war axe (weapon)
Missiles
 h - 5 poisoned darts (quivered)
 m - 5 curare-tipped darts
Armour
 b - a +0 scale mail (worn)
 c - a +0 buckler (worn)
 k - a +0 pair of boots (worn)
Wands
 j - a wand of mindburst (14)
Scrolls
 d - a scroll of amnesia {unknown}
 e - 2 scrolls of noise {unknown}
 f - 2 scrolls of magic mapping {unknown}
 g - 4 scrolls of identify {unknown}
 i - 2 scrolls of teleportation {unknown}
 l - 2 scrolls of enchant weapon {unknown}


   Skills:
 + Level 3.7 Fighting
 * Level 3.7 Axes
 + Level 3.1 Armour
 + Level 3.1 Shields
 - Level 1.0 Unarmed Combat


You had 5 spell levels left.
You didn't know any spells.
Your spell library was empty.

Dungeon Overview and Level Annotations

Branches:
Dungeon (3/15)

Altars:

Annotations:
D:3 Natasha


Innate Abilities, Weirdness & Mutations

You are immune to poison.
Your flesh is cold resistant. (rC+)
You are immune to negative energy. (rN+++)
You are immune to unholy pain and torment.
You are vulnerable to heat. (rF-)
You are in touch with the powers of death.
You do not drink.
You have a special connection with the divine. (Faith)


Message History

The cerulean imp hits you but does no damage.
Natasha casts a spell.
You hit Natasha.
Natasha is almost dead.
You block the cerulean imp's attack. Natasha claws you.
The cerulean imp closely misses you. Natasha casts a spell at you.
The magic dart hits you but does no damage.
You take 4 damage, and have 24/48 hp.
You closely miss Natasha.
Natasha is almost dead.
The cerulean imp hits you from afar with a +1 spear.
You block Natasha's attack.
The cerulean imp hits you from afar with a +1 spear.
Natasha stares at you and mumbles some strange words.
The magic dart hits you but does no damage.
You take 7 damage, and have 17/48 hp.
You barely miss Natasha.
Natasha is almost dead.
You feel yourself speed up. The cerulean imp closely misses you.
Natasha claws you!
* * * LOW HITPOINT WARNING * * *
The cerulean imp closely misses you. Natasha misses you.
You take 6 damage, and have 11/48 hp.
You closely miss Natasha.
Natasha is almost dead.
The cerulean imp barely misses you.
Natasha growls.
Natasha stares at you and mumbles some strange words.
The magic dart hits you.
* * * LOW HITPOINT WARNING * * *
You take 6 damage, and have 5/48 hp.
You closely miss Natasha.
Natasha is almost dead.
The cerulean imp disappears in a puff of smoke!
Natasha stares at you and mumbles some strange words.
The magic dart hits you.
* * * LOW HITPOINT WARNING * * *
The cerulean imp hits you from afar with a +2 spear.
You die...

###.......#
..! #.#
..........#
#.## #####.#
########### #
#.....#
#.##### #.#
#.# #.#
####.######.#
....55h@....#
.....########
... .


You could see Natasha and 2 cerulean imps.

Vanquished Creatures
  Sigmund (D:3)
  Natasha (D:3)
  3 adders (D:3)
  A worm (D:3)
  3 dart slugs
  5 endoplasms
  2 giant cockroaches
  3 goblins
  2 hobgoblins
  7 ball pythons
  4 bats
  2 frilled lizards
  4 kobolds
  2 rats
40 creatures vanquished.

Notes
Turn   | Place    | Note
-------+----------+-------------------------------------------
     0 | D:1      | backslashecho the Mummy Fighter began the quest for the
                  | Orb.
     0 | D:1      | Reached XP level 1. HP: 18/18 MP: 1/1
   314 | D:1      | Reached XP level 2. HP: 24/24 MP: 2/2
   942 | D:2      | Found a faded altar of an unknown god.
   989 | D:2      | Reached skill level 1 in Unarmed Combat
  1147 | D:2      | Gained mutation: You are in touch with the powers of death.
                  | [Mummy growth]
  1147 | D:2      | Reached XP level 3. HP: 26/29 MP: 3/3
  1780 | D:3      | Noticed Natasha
  1792 | D:3      | Killed Natasha
  1831 | D:3      | Reached XP level 4. HP: 35/35 MP: 4/4
  1894 | D:3      | Noticed Sigmund
  1947 | D:3      | Killed Sigmund
  1948 | D:3      | Reached XP level 5. HP: 35/42 MP: 5/5
  2128 | D:3      | Reached XP level 6. HP: 42/48 MP: 6/6
  2173 | D:3      | Noticed Natasha
  2187 | D:3      | HP: 2/48 [Natasha/magic dart (4)]
  2187 | D:3      | Slain by a cerulean imp

Illustrated notes

Levels and vault maps discovered:
D:1:      dpeg_arrival_arbitrary_a, layout_basic, minmay_crystal_water
D:2:      layout_loops_ring, shapermc_ecumenical_altar_starsandcircs
D:3:      layout_basic, hellmonk_ghost_happy_afterlife, hex_large, uniq_natasha,
          uniq_sigmund

Skill      XL: |  1  2  3  4 |
---------------+-------------+-----
Axes           | 2 3 |  3.7
Unarmed Combat | 1 |  1.0
Armour         | 3 |  3.1
Shields        | 3 |  3.1
Fighting       | |  3.7

Action                     |  1- 3 |  4- 6 || total
---------------------------+-------+-------++-------
  Melee: War axe           |   102 |    26 ||   128
  Throw: Dart              |       |     4 ||     4
  Evoke: Wand              |       |     3 ||     3
 Armour: Scale mail        |    57 |    15 ||    72
  Dodge: Dodged            |    42 |    17 ||    59
  Block: Buckler           |    15 |     9 ||    24

Table legend: (Time is in decaauts)
 A = Elapsed time spent in this place.
 B = Non-inter-level travel time spent in this place.
 C = Inter-level travel time spent in this place.
 D = Time resting spent in this place.
 E = Time spent auto-exploring this place.
 F = Levels seen in this place.
 G = Mean time per level.
                   A        B        C        D        E       F      G
               +--------+--------+--------+--------+--------+-----+--------+
         Total |   2247 |   2156 |     91 |      0 |   1659 |   3 |  749.0 |
       Dungeon |   2247 |   2156 |     91 |      0 |   1659 |   3 |  749.0 |
               +--------+--------+--------+--------+--------+-----+--------+

Top non-repeatable levels by time:
     D:1: 965 daAuts
     D:2: 755 daAuts
     D:3: 527 daAuts
